 Dungeon Crawl Stone Soup version 0.19.1 (webtiles) character file.

532 truemonolith the Cutter (level 7, -8/45 HPs)
             Began as a Halfling Berserker on Nov 25, 2016.
             Was a Priest of Trog.
             Mangled by Pikel
             ... wielding a +2 whip of electrocution
              (14 damage)
             ... on level 4 of the Dungeon.
             The game lasted 00:07:30 (2901 turns).

truemonolith the Cutter (Halfling Berserker)        Turns: 2901, Time: 00:07:31

Health: -8/45      AC:  7    Str: 18    XL:     7   Next: 49%
Magic:  7/7        EV: 10    Int:  5    God:    Trog [***...]
Gold:   179        SH:  0    Dex: 16    Spells: 0 memorised, 6 levels left

rFire  . . .     SeeInvis .     e - +2 short sword (freeze)
rCold  . . .     Gourm    .     o - +0 scale mail
rNeg   . . .     Faith    .     (shield restricted)
rPois  .         Spirit   .     (no helmet)
rElec  .         Reflect  .     (no cloak)
rCorr  .         Harm     .     (no gloves)
MR     .....                    (no boots)
Stlth  +.........               (no amulet)
                                (no ring)
                                (no ring)

@: exhausted, slowed, constricted, very slow
A: mutation resistance 1
a: Berserk, Trog's Hand, Burn Spellbooks, Renounce Religion


You were on level 4 of the Dungeon.
You worshipped Trog.
Trog was most pleased with you.
You were hungry.

You visited 1 branch of the dungeon, and saw 4 of its levels.

You collected 179 gold pieces.

Inventory:

Hand Weapons
 e - a +2 short sword of freezing (weapon)
Armour
 b - a +0 animal skin
 o - a +0 scale mail (worn)
Jewellery
 r - a +6 ring of slaying {unknown}
Scrolls
 a - a scroll of noise {unknown}
 g - a scroll of remove curse {unknown}
 h - 2 scrolls of identify {unknown}
 i - a scroll of magic mapping {unknown}
 k - a scroll of immolation {unknown}
 l - 5 scrolls of fog {unknown}
 m - a scroll of teleportation {unknown}
 n - 2 scrolls of recharging {unknown}
Potions
 d - a potion of degeneration {unknown}
 f - a potion of berserk rage
 p - 2 potions of ambrosia {unknown}
 q - a potion of curing {unknown}
 s - a potion of resistance {unknown}
Comestibles
 c - a bread ration
 j - 2 fruits


   Skills:
 - Level 2.6 Fighting
 - Level 7.3 Short Blades
 + Level 5.5 Armour
 - Level 2.1 Dodging
 + Level 2.3 Stealth


You had 6 spell levels left.
You didn't know any spells.

Dungeon Overview and Level Annotations

Branches:
Dungeon (4/15)
 Temple: D:4-7

Altars:
Makhleb
Nemelex Xobeh
Trog
Xom

Shops:
D:4 (

Annotations:
D:4 Pikel


Innate Abilities, Weirdness & Mutations

You are small and have problems with some larger weapons.
You are somewhat resistant to further mutation.


Message History

The ball python bites you but does no damage.
The ball python constricts you. The slave closely misses you.
You puncture something! You freeze something. You puncture something!
You freeze something. The ball python closely misses you.
The ball python constricts you. Something hits you.
The slave barely misses you.
You closely miss something.
You are no longer berserk.
Trog's vigour flows through your veins.
You are exhausted.
You feel yourself slow down. The ball python barely misses you.
The ball python constricts you. Something hits you.
You are electrocuted!
* * * LOW HITPOINT WARNING * * *
It was a potion of berserk rage.
You're too exhausted to go berserk.
The slave hits you.
* * * LOW HITPOINT WARNING * * *
The ball python bites you but does no damage.
The ball python constricts you. Something hits you but does no damage.
You are electrocuted!
You die...

### ..# #.#
#.######.######### #
#................##
#...#######...........).
.....s{@....#.######..##
#..∩##p#S####.# #..# #
#w#.# #.# #..# #.#.#
#.######..## #.#.#
#..........# #.#.#
#.######...# #.#.# #)#
#...# #.#.# #.# #...#
#.# #...#


You could see a slave, a worm, a giant cockroach and a ball python.

Vanquished Creatures
  Eustachio (D:4)
  A hungry ghost (D:3)
  3 slaves (D:4)
  An ogre (D:4)
  A crimson imp (D:3)
  An orc wizard (D:3)
  3 adders
  An ooze (D:3)
  2 worms
  3 leopard geckos
  5 orcs
  5 bats
  6 giant cockroaches
  7 goblins
  12 hobgoblins
  2 jackals (D:1)
  8 kobolds
  A quokka (D:3)
  5 frilled lizards
  7 rats
75 creatures vanquished.

Notes
Turn   | Place    | Note
-------+----------+-------------------------------------------
     0 | D:1      | truemonolith the Halfling Berserker began the quest for the Orb.
     0 | D:1      | Reached XP level 1. HP: 15/15 MP: 1/1
    55 | D:1      | Reached skill level 4 in Short Blades
    57 | D:1      | Reached XP level 2. HP: 20/20 MP: 2/2
   382 | D:1      | Reached XP level 3. HP: 25/25 MP: 3/3
   399 | D:1      | Reached skill level 5 in Short Blades
   631 | D:2      | Reached ** piety under Trog
  1048 | D:2      | Reached XP level 4. HP: 27/30 MP: 4/4
  1086 | D:2      | Found a bloodstained altar of Trog.
  1125 | D:2      | Found a sparkling altar of Nemelex Xobeh.
  1723 | D:3      | Noticed a hungry ghost
  1749 | D:3      | Killed a hungry ghost
  1749 | D:3      | Reached skill level 7 in Short Blades
  1749 | D:3      | Reached XP level 5. HP: 21/35 MP: 5/5
  1749 | D:3      | Reached XP level 6. HP: 25/41 MP: 6/6
  1776 | D:3      | Reached skill level 1 in Stealth
  2263 | D:3      | Reached *** piety under Trog
  2342 | D:3      | Found a burning altar of Makhleb.
  2342 | D:3      | Found a shimmering altar of Xom.
  2707 | D:4      | Noticed Eustachio
  2708 | D:4      | Noticed an ogre
  2733 | D:4      | Killed an ogre
  2733 | D:4      | Reached XP level 7. HP: 45/45 MP: 7/7
  2743 | D:4      | Killed Eustachio
  2743 | D:4      | Reached skill level 5 in Armour
  2872 | D:4      | Found Reuseppi's Antique Weapon Boutique.
  2873 | D:4      | Noticed Pikel
  2901 | D:4      | Mangled by Pikel

Skill      XL: |  1  2  3  4  5  6  7 |
---------------+----------------------+-----
Short Blades   | 4 5 7 |  7.3
Stealth        | 1 2 |  2.3
Armour         | 4 5 |  5.5
Fighting       | |  2.6
Dodging        | |  2.1

Action                   |  1- 3 |  4- 6 |  7- 9 || total
-------------------------+-------+-------+-------++-------
Melee: Short sword       |    85 |   156 |    36 ||   277
Invok: Berserk           |     1 |     1 |     1 ||     3
       Burn Spellbooks   |     1 |       |       ||     1
  Use: Potion            |       |       |     1 ||     1
  Eat: Bread ration      |     1 |     1 |       ||     2
       Pizza             |       |     1 |       ||     1
       Beef jerky        |       |     1 |       ||     1
Armor: Animal skin       |     5 |       |       ||     5
       Scale mail        |     5 |    43 |    16 ||    64
Dodge: Dodged            |    73 |    90 |    24 ||   187
